 Dungeon Crawl Stone Soup version 0.17-a0-1403-g9df874c (webtiles) character file.

114 urechis the Spear-Bearer (level 4, -1/33 HPs)
             Began as a Merfolk Gladiator on June 20, 2015.
             Slain by a gnoll
             ... wielding a cursed +0 club
              (10 damage)
             ... on level 2 of the Dungeon.
             The game lasted 00:02:20 (1867 turns).

urechis the Spear-Bearer (Merfolk Gladiator)        Turns: 1867, Time: 00:02:21

Health: -1/33      AC:  4    Str: 15    XL:     4   Next: 97%
Magic:  4/4        EV: 13    Int:  7    God:
Gold:   137        SH:  0    Dex: 15    Spells: 0 memorised, 3 levels left

rFire  . . .     SeeInvis .     a - +0 trident
rCold  . . .     Clarity  .     b - +0 leather armour
rNeg   . . .     SustAt   .     (no shield)
rPois  .         Gourm    .     c - +0 helmet
rElec  .         Spirit   .     (no cloak)
rCorr  .         Warding  .     (no gloves)
rMut   .         Stasis   .     (no boots)
MR     .....                    (no amulet)
Stlth  +.........               (no ring)
                                (no ring)

@: not resistant to hostile enchantments, very unstealthy
A: change form in water, swift swim
a: no special abilities


You were on level 2 of the Dungeon.
You were not hungry.

You visited 1 branch of the dungeon, and saw 2 of its levels.

You collected 137 gold pieces.

Inventory:

Hand weapons
 a - a +0 trident (weapon)
Missiles
 e - 3 throwing nets (quivered)
Armour
 b - a +0 leather armour (worn)
 c - a +0 helmet (worn)
Scrolls
 f - a scroll of fear {unknown}
 g - a scroll of random uselessness {unknown}
 h - a scroll of amnesia {unknown}
 j - 2 scrolls of remove curse {unknown}
Potions
 i - a potion of heal wounds
 l - a potion of curing {unknown}
 m - a potion of lignification {unknown}
 n - a potion of haste {unknown}
Comestibles
 d - 3 bread rations
 k - a fruit


   Skills:
 - Level 2.1 Fighting
 + Level 8.0 Polearms
 - Level 2.0 Throwing
 - Level 4.0 Dodging


You had 3 spell levels left.
You didn't know any spells.

Dungeon Overview and Level Annotations

Branches:
Dungeon (2/15)

Altars:
Cheibriados


Message History

The gnoll is almost dead.
The jackal bites you but does no damage.
The jackal bites you. The jackal closely misses you.
The jackal completely misses you. The gnoll closely misses you.
The jackal bites you.
You puncture the gnoll!
You kill the gnoll!
Your Polearms skill increases to level 8!
The jackal closely misses you. The jackal barely misses you.
The jackal closely misses you. The jackal barely misses you.
The jackal bites you.
You barely miss the gnoll.
The jackal bites you but does no damage. x2
The jackal misses you. The gnoll hits you with a club!
The jackal barely misses you. The jackal bites you. The jackal misses you.
You barely miss the gnoll. The jackal misses you.
The jackal closely misses you. The jackal bites you.
* * * LOW HITPOINT WARNING * * *
The jackal barely misses you. The gnoll hits you with a club!
You die...

#........#..#........###
###.....<#..#...##...#
#.##..##..#...###### #
#..........#.....# # #.
#######.#.....# #
##..#######.#.....# #
.......(....#.....# #
#....hh#####.....#
#...Sh@# ##.....######
#....hg# ##...........#
...#.#.g. #.......####..
.. #.#....#....#......<#
h # #....#............#
..................#
.....##...........#
...#####...........#
#...#..####.#


You could see 2 gnolls, 4 jackals and a ball python.

Vanquished Creatures
  A gnoll (D:2)
  5 adders (D:2)
  A worm (D:2)
  A giant gecko (D:2)
  3 giant cockroaches
  7 goblins
  8 hobgoblins
  9 bats
  A giant newt (D:2)
  3 jackals (D:2)
  5 kobolds
  7 rats
51 creatures vanquished.

Notes
Turn   | Place    | Note
--------------------------------------------------------------
     0 | D:1      | urechis the Merfolk Gladiator began the quest for the Orb.
     0 | D:1      | Reached XP level 1. HP: 16/16 MP: 1/1
   143 | D:1      | Reached skill level 5 in Polearms
   203 | D:1      | Reached XP level 2. HP: 22/22 MP: 2/2
   594 | D:1      | Reached XP level 3. HP: 27/27 MP: 3/3
   711 | D:1      | Reached skill level 6 in Polearms
   982 | D:2      | Found a snail-covered altar of Cheibriados.
  1336 | D:2      | Reached skill level 7 in Polearms
  1336 | D:2      | Reached XP level 4. HP: 24/33 MP: 4/4
  1865 | D:2      | Reached skill level 8 in Polearms
  1867 | D:2      | Slain by a gnoll

Vault maps used:
D:1:      onia_arrival_mini_maze, minmay_parallelograms
D:2:      kennysheep_six_static_rooms, cheibriados_altar_1

Action                   |  1- 3 |  4- 6 || total
-------------------------+-------+-------++-------
Melee: Trident           |   119 |    59 ||   178
  Use: Potion            |       |     1 ||     1
 Stab: Sleeping          |     3 |     3 ||     6
  Eat: Chunk             |     1 |     2 ||     3
